 Dungeon Crawl Stone Soup version 0.23.1 (webtiles) character file.

Game seed: 0

7618 MisterOstroum the Archer (level 10, 0/93 HPs)
             Began as a Centaur Hunter on Mar 2, 2019.
             Was a High Priest of Okawaru.
             Slain by a killer bee (7 damage)
             ... on level 10 of the Dungeon on Mar 11, 2019.
             The game lasted 01:30:12 (11792 turns).

MisterOstroum the Archer (Centaur Hunter)          Turns: 11792, Time: 01:30:13

Health: 0/93       AC: 13    Str: 18    XL:     10   Next: 98%
Magic:  10/10      EV:  6    Int: 12    God:    Okawaru [*****.]
Gold:   544        SH:  0    Dex: 12    Spells: 9/9 levels left

rFire    . . .     SeeInvis .   d - +1 morningstar (drain)
rCold    . . .     Gourm    .   (no shield)
rNeg     . . .     Faith    .   F - +0 plate armour
rPois    .         Spirit   .   N - +2 helmet
rElec    .         Reflect  .   (no cloak)
rCorr    +         Harm     .   (no gloves)
MR       .....                  (no barding)
Stlth    ..........             (no amulet)
HPRegen  0.25/turn              r - +2 ring of protection
MPRegen  0.12/turn              z - ring of resist corrosion

@: confused, lethally poisoned (0 -> -7), studying Poison Magic, very quick
A: large, hooves 3, agile 1, clever 1, deformed body, speed 2, tough skin 3,
MP-powered wands, sturdy frame 1
a: Heroism, Finesse, Renounce Religion


You were on level 10 of the Dungeon.
You worshipped Okawaru.
Okawaru was extremely pleased with you.
You were not hungry.

You visited 2 branches of the dungeon, and saw 11 of its levels.

You collected 544 gold pieces.

Inventory:

Hand Weapons
 a - a +2 shortbow of freezing
 b - a +2 flail of protection
 c - a +0 long sword of holy wrath
 d - a +1 morningstar of draining (weapon)
 h - a +0 short sword
 J - a +0 rapier of flaming
 K - a +0 shortbow of flaming
 L - a +0 falchion of holy wrath
 T - a +0 hunting sling
Missiles
 g - 252 stones (quivered)
 m - 171 arrows
 v - 54 sling bullets
 y - 7 tomahawks
 C - 35 bolts
 E - 3 javelins
 G - 4 poisoned tomahawks
Armour
 s - a +1 robe of the Archmagi
 t - a +0 shield
 F - a +0 plate armour (worn)
 N - a +2 helmet (worn)
Jewellery
 r - a +2 ring of protection (left hand)
 w - an uncursed ring of stealth
 z - a ring of resist corrosion (right hand)
 O - an uncursed ring of fire
Wands
 q - a wand of enslavement (7)
 P - a wand of random effects (58)
 Q - a wand of digging (4)
 R - a wand of iceblast (4)
 S - a wand of flame (17)
Scrolls
 e - 2 scrolls of fear {unknown}
 j - 7 scrolls of remove curse
 k - 3 scrolls of immolation {unknown}
 p - 5 scrolls of blinking
 u - 2 scrolls of magic mapping {unknown}
 x - 3 scrolls of fog {unknown}
 B - 2 scrolls of enchant weapon {unknown}
 D - a scroll of teleportation {unknown}
 M - a scroll of amnesia
 U - a scroll of noise {unknown}
 V - a scroll of holy word {unknown}
 X - a scroll of identify
Potions
 l - a potion of lignification {unknown}
 n - a potion of magic {unknown}
 o - 4 potions of brilliance
 A - a potion of flight {unknown}
 I - a potion of mutation
Books
 i - a manual of Poison Magic
Comestibles
 f - 19 rations


   Skills:
 + Level 10.2 Fighting
 + Level 6.3 Maces & Flails
 * Level 13.4 Bows
 + Level 5.0 Dodging
 - Level 0.4 Stealth


You had 9 spell levels left.
You didn't know any spells.
Your spell library contained the following spells:

 Spells                   Type           Power        Failure   Level  Hunger
 Apportation              Tloc           #.....       100%        1    ##.....
 Beastly Appendage        Tmut           #.....       100%        1    ##.....
 Confusing Touch          Hex            #.....       100%        1    ##.....
 Blink                    Tloc           N/A          100%        2    ###....
 Confuse                  Hex            #.......     100%        3    ####...
 Gell's Gravitas          Tloc           #.........   100%        3    ####...
 Lesser Beckoning         Tloc           #.........   100%        3    ####...
 Petrify                  Tmut/Erth      #.......     100%        4    #####..
 Metabolic Englaciation   Hex/Ice        #.........   100%        5    ######.
 Summon Forest            Summ/Tloc      #.........   100%        5    ######.
 Yara's Violent Unravell  Hex/Tmut       #.........   100%        5    ######.
 Disjunction              Tloc           #.........   100%        8    #######


Dungeon Overview and Level Annotations

Branches:
Dungeon (10/15)            Temple (1/1) D:6
   Lair: D:8-11         Orc: D:9-12

Altars:
Ashenzari
Cheibriados
Dithmenos
Fedhas
Gozag
Hepliaklqana
Kikubaaqudgha
Makhleb
Nemelex Xobeh
Okawaru
Qazlal
Ru
Sif Muna
Trog
Uskayaw
Vehumet
Wu Jian
Xom
Yredelemnul
Zin
The Shining One

Shops:
D:5 ?   D:6 *

Annotations:
D:3 2 runed translucent doors, Melestara's ghost, amateur SpEn
D:4 1 runed translucent door, Crazy Yiuf
D:6 exclusion: statue


Innate Abilities, Weirdness & Mutations

You have hooves in place of feet.
Armour fits poorly on your strangely shaped body.
You cover ground very quickly.
You have extremely tough skin. (AC +3)
You are agile. (Dex +2)
Your mind is acute. (Int +2)
You expend magic power (3 MP) to strengthen your wands.
Your movements are slightly less encumbered by armour. (ER -2)


Message History

You feel sick.
There is a stone staircase leading down here.
The killer bee stings you but does no damage.
The killer bee barely misses you. The killer bee completely misses you.
The killer bee closely misses you.
You climb downwards.
A quokka and a hungry ghost come into view.
You feel sick.
There is a stone staircase leading up here.
You are confused.
You feel invigorated. The killer bee stings you!
* * * LOW HITPOINT WARNING * * *
You are lethally poisoned!
The killer bee poisons you!
The killer bee stings you but does no damage. x2
The killer bee barely misses you. The quokka barely misses you.
You bump into the rock wall.
* * * LOW HITPOINT WARNING * * *
You feel sick. The killer bee barely misses you. The killer bee stings you!
You die...

### ..# #.# #y#
#@#
......yr.....W.
....###.#####..
.. #.# #.# ..#
###


You could see a hungry ghost, 2 killer bees and a quokka.

Vanquished Creatures
  A two-headed ogre (D:8)
  Pikel (D:7)
  Maurice (D:8)
  2 hippogriffs
  Eustachio (D:5)
  A steam dragon (D:8)
  Menkaure (D:7)
  19 soldier ants
  Duvessa (D:4)
  2 sky beasts
  2 phantoms
  4 centaurs
  3 bullfrogs
  Dowan (D:4)
  A water moccasin skeleton (D:6)
  9 killer bees
  5 wights
  10 howler monkeys
  An electric eel (D:8)
  2 crimson imps
  2 centaur zombies
  A bullfrog zombie (D:5)
  An iron imp (D:9)
  4 orc wizards (D:5)
  2 bullfrog skeletons
  A centaur skeleton (D:9)
  2 hounds
  A jelly (D:7)
  2 orc priests
  Natasha (thrice) (D:4)
  An iguana (D:8)
  20 worker ants
  A hound skeleton (D:7)
  A worker ant zombie (D:9)
  Robin (D:4)
  3 gnolls (D:2)
  8 adders
  An ooze (D:1)
  3 adder skeletons
  3 worms
  5 dart slugs
  6 leopard geckos
  19 orcs
  8 giant cockroaches
  16 goblins
  5 hobgoblins
  8 jackals (D:3)
  5 kobolds
  4 quokkas
  A ball python (D:1)
  A ball python skeleton (D:5)
  8 bats
  7 frilled lizards
  A hobgoblin zombie (D:9)
  3 kobold skeletons (D:9)
  A leopard gecko skeleton (D:6)
  A leopard gecko zombie (D:6)
  2 orc zombies (D:9)
  8 rats
238 creatures vanquished.

Notes
Turn   | Place    | Note
-------+----------+-------------------------------------------
     0 | D:1      | MisterOstroum the Centaur Hunter began the quest for the
                  | Orb.
     0 | D:1      | Reached XP level 1. HP: 17/17 MP: 1/1
   113 | D:1      | Reached skill level 6 in Bows
   113 | D:1      | Reached XP level 2. HP: 21/24 MP: 2/2
   671 | D:1      | Reached XP level 3. HP: 29/29 MP: 3/3
  1101 | D:2      | Reached skill level 7 in Bows
  1101 | D:2      | Reached XP level 4. HP: 5/36 MP: 4/4
  1452 | D:2      | Found a stormy altar of Qazlal.
  1531 | D:2      | Found a snail-covered altar of Cheibriados.
  2141 | D:2      | Reached skill level 8 in Bows
  2254 | D:2      | Found a shimmering altar of Xom.
  2799 | D:3      | Reached XP level 5. HP: 39/41 MP: 5/5
  2808 | D:3      | Found a shimmering altar of Xom.
  2813 | D:3      | Found a shimmering altar of Xom.
  2816 | D:3      | Found a shimmering altar of Xom.
  2859 | D:3      | Found a shimmering altar of Xom.
  2904 | D:3      | Found an iron altar of Okawaru.
  2912 | D:3      | Became a worshipper of Warmaster Okawaru
  2977 | D:3      | Found a large runed translucent door.
  2977 | D:3      | Found a large runed translucent door.
  2988 | D:3      | Noticed Melestara's ghost (amateur SpEn)
  3355 | D:3      | Found a shimmering altar of Xom.
  3511 | D:4      | Noticed Duvessa
  3511 | D:4      | Noticed Dowan
  3531 | D:5      | Entered Level 5 of the Dungeon
  3537 | D:5      | Reached skill level 9 in Bows
  3835 | D:5      | Found Uqame's Magic Scroll Shop.
  3859 | D:4      | Noticed Natasha
  3859 | D:4      | Noticed Robin
  3863 | D:5      | Reached XP level 6. HP: 33/48 MP: 6/6
  4163 | D:5      | Noticed a sky beast
  4242 | D:6      | Reached skill level 10 in Bows
  4274 | D:6      | Reached * piety under Okawaru
  4274 | D:6      | Reached skill level 1 in Maces & Flails
  4274 | D:6      | Reached XP level 7. HP: 14/56 MP: 7/7
  4696 | D:6      | Found Weerrucw's General Store.
  4738 | D:6      | Found a bloodstained altar of Trog.
  4796 | D:6      | Found an ancient bone altar of Kikubaaqudgha.
  4919 | D:6      | Found a radiant altar of Vehumet.
  4923 | D:6      | Found a staircase to the Ecumenical Temple.
  4932 | Temple   | Entered the Ecumenical Temple
  5852 | D:5      | Found a burning altar of Makhleb.
  5858 | D:5      | Found a hazy altar of Hepliaklqana.
  5889 | D:5      | Noticed Eustachio
  5905 | D:5      | Killed Eustachio
  5905 | D:5      | Reached ** piety under Okawaru
  5905 | D:5      | Reached skill level 11 in Bows
  6079 | D:5      | Found a shattered altar of Ashenzari.
  6090 | D:5      | Reached XP level 8. HP: 63/67 MP: 8/8
  6432 | D:4      | Killed Duvessa
  6432 | D:4      | Reached skill level 5 in Fighting
  6460 | D:4      | Killed Dowan
  6561 | D:4      | Killed Robin
  6602 | D:4      | Killed Natasha
  6602 | D:4      | Noticed Natasha
  6623 | D:4      | Killed Natasha
  6632 | D:4      | Noticed Natasha
  6870 | D:4      | Killed Natasha
  7141 | D:4      | Identified the Handbook of the Traveller and Shape Shifting
  7147 | D:4      | Learned a level 2 spell: Blink
  7385 | D:4      | Found a runed translucent door.
  7386 | D:4      | Noticed Crazy Yiuf
  7644 | D:7      | Noticed a hippogriff
  7665 | D:7      | Killed a hippogriff
  7724 | D:7      | Noticed Menkaure
  7761 | D:7      | Killed Menkaure
  7761 | D:7      | Reached XP level 9. HP: 30/78 MP: 7/9
  7774 | D:7      | Reached *** piety under Okawaru
  7862 | D:7      | Noticed Pikel
  7898 | D:7      | Killed Pikel
  7898 | D:7      | Reached skill level 12 in Bows
  8056 | D:7      | Found a basalt altar of Yredelemnul.
  8056 | D:7      | You fall through a shaft!
  8337 | D:8      | Noticed a two-headed ogre
  8388 | D:8      | Received a gift from Okawaru
  8389 | D:8      | Killed a two-headed ogre
  8389 | D:8      | Reached **** piety under Okawaru
  8389 | D:8      | Reached skill level 5 in Maces & Flails
  8395 | D:8      | Reached XP level 10. HP: 58/90 MP: 10/10
  8819 | D:8      | Noticed Maurice
  8897 | D:8      | Killed Maurice
  9816 | D:9      | Received a gift from Okawaru
  9857 | D:9      | Noticed a queen ant
 10061 | D:8      | Reached skill level 13 in Bows
 10721 | D:9      | Found a glowing golden altar of the Shining One.
 11087 | D:9      | Gained mutation: You expend magic power (3 MP) to
                  | strengthen your wands. [potion of mutation]
 11087 | D:9      | Gained mutation: You are agile. (Dex +2) [potion of
                  | mutation]
 11087 | D:9      | Gained mutation: Your movements are slightly less
                  | encumbered by armour. (ER -2) [potion of mutation]
 11087 | D:9      | Gained mutation: Your mind is acute. (Int +2) [potion of
                  | mutation]
 11211 | D:9      | Reached ***** piety under Okawaru
 11262 | D:9      | Reached skill level 10 in Fighting
 11359 | D:9      | Received a gift from Okawaru
 11462 | D:9      | Reached skill level 5 in Dodging
 11790 | D:10     | Entered Level 10 of the Dungeon
 11792 | D:10     | Slain by a killer bee

Skill      XL: |  1  2  3  4  5  6  7  8  9 10 |
---------------+-------------------------------+-----
Bows           | 6 7 8 9 10 11 12 13 | 13.4
Maces & Flails | 1 2 3 5 6 |  6.3
Fighting       | 4 6 8 10 | 10.2
Dodging        | 2 3 5 |  5.0
Stealth        | |  0.4

Action                   |  1- 3 |  4- 6 |  7- 9 | 10-12 || total
-------------------------+-------+-------+-------+-------++-------
Melee: Flail             |    12 |    42 |   184 |    82 ||   320
       Kick              |     2 |    13 |    47 |    24 ||    86
       Shortbow          |       |     1 |       |       ||     1
       Morningstar       |       |    24 |       |    13 ||    37
       Long sword        |       |       |     6 |       ||     6
 Fire: Shortbow          |    77 |   147 |   191 |   329 ||   744
Throw: Stone             |     4 |    29 |    26 |     6 ||    65
 Cast: Blink             |       |       |     1 |       ||     1
Invok: Heroism           |       |       |     8 |     9 ||    17
  Use: Scroll            |       |     6 |     2 |     7 ||    15
       Potion            |       |     4 |     2 |     6 ||    12
  Eat: Chunk             |       |     6 |     6 |     2 ||    14
       Ration            |       |     2 |       |     2 ||     4
Armor: Leather armour    |    11 |    52 |       |       ||    63
       Robe              |       |    30 |     4 |       ||    34
       Plate armour      |       |       |   198 |   181 ||   379
Dodge: Dodged            |    20 |    83 |    47 |    72 ||   222
